 Dungeon Crawl Stone Soup version 0.21-a0-329-g12f17e1 (webtiles) character file.

539 vishdafish the Poker (level 7, 0/50 HPs)
             Began as a Demonspawn Skald on Oct 1, 2017.
             Was a Follower of Okawaru.
             Slain by a gnoll shaman
             ... wielding a +0 whip
              (5 damage)
             ... on level 4 of the Dungeon.
             The game lasted 00:07:43 (3634 turns).

vishdafish the Poker (Demonspawn Skald)             Turns: 3634, Time: 00:07:43

Health: 0/50       AC:  4    Str: 12    XL:     7   Next: 5%
Magic:  5/10       EV: 13    Int: 16    God:    Okawaru [*.....]
Gold:   291        SH:  0    Dex: 12    Spells: 9/10 levels left

rFire    . . .     SeeInvis .   r - +0 trident
rCold    . . .     Gourm    .   (no shield)
rNeg     . . .     Faith    .   b - +0 leather armour
rPois    .         Spirit   .   (no helmet)
rElec    .         Reflect  .   (no cloak)
rCorr    .         Harm     .   f - +0 pair of gloves
MR       .....                  (no boots)
Stlth    +.........             (no amulet)
HPRegen  0.16/turn              (no ring)
MPRegen  0.12/turn              (no ring)

@: infused, very slightly contaminated
A: talons 2, spiny 1, rot immunity
a: Heroism, Renounce Religion


You were on level 4 of the Dungeon.
You worshipped Okawaru.
Okawaru was aware of your devotion.
You were very hungry.

You visited 1 branch of the dungeon, and saw 4 of its levels.

You collected 291 gold pieces.

Inventory:

Hand Weapons
 a - a +0 spear
 r - a +0 trident (weapon)
Missiles
 j - 9 tomahawks (quivered)
Armour
 b - a +0 leather armour (worn)
 f - a +0 pair of gloves (worn)
 o - a +0 helmet
Jewellery
 h - an uncursed ring of fire {unknown}
Scrolls
 k - 2 scrolls of enchant armour {unknown}
 l - a scroll of random uselessness {unknown}
 m - a scroll of amnesia {unknown}
 q - a scroll of noise {unknown}
 t - a scroll of fear {unknown}
 u - 3 scrolls of identify {unknown}
 w - 2 scrolls of remove curse {unknown}
 y - a scroll of teleportation {unknown}
Potions
 e - a potion of ambrosia {unknown}
 g - a potion of brilliance
 i - 2 potions of curing
 s - 2 potions of cancellation {unknown}
 v - a potion of haste {unknown}
 x - a potion of resistance {unknown}
 A - a potion of lignification {unknown}
Books
 c - a book of Battle

   Spells                             Type                      Level
   a - Infusion                       Charms                       1
   b - Shroud of Golubria             Charms/Translocation         2
   c - Song of Slaying                Charms                       2
   d - Spectral Weapon                Hexes/Charms                 3
   e - Regeneration                   Charms/Necromancy            3
Comestibles
 d - 4 bread rations
 n - 2 royal jellies
 p - a meat ration


   Skills:
 - Level 2.0 Fighting
 * Level 4.9 Polearms
 - Level 1.0 Armour
 - Level 4.0 Dodging
 - Level 2.0 Spellcasting
 + Level 4.2 Charms
 * Level 0.3 Invocations


You had 9 spell levels left.
You knew the following spells:

 Your Spells              Type           Power        Failure   Level  Hunger
a - Infusion              Chrm           ###.         4%          1    #......


Dungeon Overview and Level Annotations

Branches:
Dungeon (4/15)
 Temple: D:4-7

Altars:
Hepliaklqana
Kikubaaqudgha
Okawaru
Sif Muna

Shops:
D:4 (


Innate Abilities, Weirdness & Mutations

You have razor-sharp toenails.
You are partially covered in sharp spines.
You are immune to rotting.


Message History

You feel like a meek peon again. The gnoll shaman hits you with a whip.
The gnoll closely misses you.
You hit the gnoll shaman. You claw the gnoll shaman.
The gnoll shaman is severely wounded.
The gnoll hits you from afar with a spear.
The gnoll shaman barely misses you. The gnoll completely misses you.
You barely miss the gnoll shaman.
You claw the gnoll shaman, but do no damage.
The gnoll shaman is severely wounded.
The gnoll shaman hits you with a whip.
* * * LOW HITPOINT WARNING * * *
The gnoll closely misses you.
You hit the gnoll shaman. Your kick misses the gnoll shaman.
The gnoll shaman is severely wounded.
The gnoll hits you from afar with a spear!
* * * LOW HITPOINT WARNING * * *
The gnoll shaman barely misses you. The gnoll hits you but does no damage.
The gnoll hits you but does no damage. The gnoll shaman hits you with a whip.
You die...

#...............
#.######'#####..
###+#####.......#
#......g#.......#
#.....#.#.......# ##
#....g#g##'#########.+
#...gg#g##.........#.#
#.....#g####.......#.#
#....g#@# #.......#.#
#....g#.####.......#.#
#.....#....#######.#.###
#.....#....# #........
#.....#....### #...#.#..
#......###.#...#
#............#.#
####....(.###.....#
#.........# #####.#


You could see a gnoll shaman and 3 gnolls.

Vanquished Creatures
  Grinder (D:3)
  An ogre (D:4)
  A hound (D:4)
  An orc wizard (D:4)
  2 worker ants (D:4)
  4 adders
  4 gnolls
  2 worms
  A dart slug (D:1)
  3 leopard geckos
  8 orcs
  4 bats
  3 giant cockroaches
  7 hobgoblins
  A quokka (D:3)
  3 frilled lizards
  6 goblins
  6 kobolds
  A leopard gecko skeleton (D:4)
  19 rats
78 creatures vanquished.

Notes
Turn   | Place    | Note
-------+----------+-------------------------------------------
     0 | D:1      | vishdafish the Demonspawn Skald began the quest for the Orb.
     0 | D:1      | Reached XP level 1. HP: 16/16 MP: 3/3
   136 | D:1      | Reached skill level 1 in Armour
   351 | D:1      | Gained mutation: You are immune to rotting. [demonic ancestry]
   351 | D:1      | Reached XP level 2. HP: 22/22 MP: 5/5
   874 | D:2      | Found an iron altar of Okawaru.
   879 | D:2      | Gained mutation: You are partially covered in sharp spines. [demonic ancestry]
   879 | D:2      | Reached XP level 3. HP: 23/27 MP: 2/6
  1003 | D:2      | Became a worshipper of Warmaster Okawaru
  1239 | D:2      | Found a hazy altar of Hepliaklqana.
  1304 | D:2      | Reached XP level 4. HP: 30/33 MP: 2/7
  1707 | D:2      | Found a deep blue altar of Sif Muna.
  2109 | D:3      | Noticed Grinder
  2123 | D:3      | Paralysed by Grinder for 4 turns
  2125 | D:3      | HP: 1/33 [Grinder (4)]
  2132 | D:3      | Killed Grinder
  2132 | D:3      | Reached * piety under Okawaru
  2132 | D:3      | Gained mutation: You have sharp toenails. [demonic ancestry]
  2132 | D:3      | Reached XP level 5. HP: 9/38 MP: 6/8
  2132 | D:3      | Gained mutation: You have razor-sharp toenails. [demonic ancestry]
  2132 | D:3      | Reached XP level 6. HP: 10/44 MP: 6/9
  2784 | D:3      | Found an ancient bone altar of Kikubaaqudgha.
  3216 | D:4      | Reached XP level 7. HP: 30/50 MP: 5/10
  3560 | D:4      | Found Detintuy's Antique Weapon Shoppe.
  3634 | D:4      | Slain by a gnoll shaman

Vault maps used:
D:1:      dpeg_arrival_houses_and_road
D:2:      lemuel_round_altar, overflow_temple_1_default, led_sif_pool,
          minmay_misc_feat_nine_boxes, grunt_ministairs_1
D:3:      lemuel_coloured_pillars_altar, grunt_ministairs_9, kennysheep_potato,
          uniq_grinder
D:4:      serial_shops, nicolae_shop_waterfront, first_bread

Skill      XL: |  1  2  3  4  5  6 |
---------------+-------------------+-----
Armour         | 1 |  1.0
Dodging        | 2 3 4 |  4.0
Polearms       | 2 3 4 |  4.9
Charms         | 3 4 |  4.2
Fighting       | |  2.0
Spellcasting   | |  2.0
Invocations    | |  0.3

Action                   |  1- 3 |  4- 6 |  7- 9 || total
-------------------------+-------+-------+-------++-------
Melee: Spear             |   114 |    44 |       ||   158
       Trident           |       |    71 |    22 ||    93
       Kick              |       |     9 |     8 ||    17
       Punch             |       |       |     1 ||     1
Throw: Tomahawk          |       |     8 |       ||     8
 Cast: Infusion          |    12 |     4 |     2 ||    18
Invok: Heroism           |       |       |     1 ||     1
  Use: Potion            |       |     2 |       ||     2
 Stab: Sleeping          |     1 |       |       ||     1
  Eat: Chunk             |     1 |     7 |       ||     8
Armor: Leather armour    |    25 |    10 |     3 ||    38
Dodge: Dodged            |    64 |    56 |    21 ||   141

Table legend:
 A = Spawn XP
 B = Non-spawn XP
 C = Spawn XP percentage of total XP
 D = Spawn monster count
 E = Non-spawn monster count
 F = Spawn count percentage of total count
 G = Total turns spent on level
                    A         B        C        D         E        F      G
               +---------+---------+-------+---------+---------+-------+---------
         Total |       0 |     770 |   0.0 |       0 |      78 |   0.0 |  3634
               +---------+---------+-------+---------+---------+-------+---------
           D:1 |       0 |      32 |   0.0 |       0 |      20 |   0.0 |   826
           D:2 |       0 |     105 |   0.0 |       0 |      23 |   0.0 |  1111
           D:3 |       0 |     328 |   0.0 |       0 |      22 |   0.0 |  1006
           D:4 |       0 |     305 |   0.0 |       0 |      13 |   0.0 |   691
               +---------+---------+-------+---------+---------+-------+---------
